 Dungeon Crawl Stone Soup version 0.21-a0-529-g8c7b3f5 (webtiles) character file.

45 Amnesiac the Vexing (level 3, 0/35 HPs)
             Began as an Ogre Arcane Marksman on Dec 11, 2017.
             Succumbed to an adder's poison
             ... on level 2 of the Dungeon.
             The game lasted 00:05:48 (1241 turns).

Amnesiac the Vexing (Ogre Arcane Marksman)          Turns: 1241, Time: 00:05:49

Health: 0/35       AC:  3    Str: 14    XL:     3   Next: 64%
Magic:  3/5        EV: 10    Int: 14    God:
Gold:   36         SH:  0    Dex: 10    Spells: 4/5 levels left

rFire    + . .     SeeInvis .   (no weapon)
rCold    + . .     Gourm    .   (no shield)
rNeg     . . .     Faith    .   a - +0 robe
rPois    +         Spirit   .   (helmet restricted)
rElec    +         Reflect  .   (no cloak)
rCorr    +         Harm     .   (gloves unavailable)
MR       .....                  (boots unavailable)
Stlth    +.........             (no amulet)
HPRegen  0.11/turn              (no ring)
MPRegen  0.09/turn              (no ring)

@: lethally poisoned (0 -> -4), resistant
A: large, unfitting armour, tough skin 1
a: no special abilities


You were on level 2 of the Dungeon.
You were very hungry.

You visited 1 branch of the dungeon, and saw 2 of its levels.

You collected 36 gold pieces.

Inventory:

Armour
 a - a +0 robe (worn)
Scrolls
 j - a scroll of identify {!r, unknown}
 k - a scroll of remove curse {!r, unknown}
 l - a scroll of noise {!r, unknown}
 m - a scroll of amnesia {!r, unknown}
 n - 2 scrolls of random uselessness {!r, unknown}
 o - a scroll of enchant armour {!r, unknown}
Books
 b - a book of Debilitation

   Spells                             Type                      Level
   a - Corona                         Hexes                        1
   b - Slow                           Hexes                        2
   c - Inner Flame                    Hexes/Fire                   3
   d - Portal Projectile              Hexes/Translocation          3
   e - Cause Fear                     Hexes                        4
   f - Leda's Liquefaction            Hexes/Earth                  4
Comestibles
 f - 4 bread rations
 i - 2 chunks of flesh


   Skills:
 + Level 2.3 Fighting
 * Level 2.8 Throwing
 + Level 2.2 Dodging
 - Level 1.5 Spellcasting
 - Level 3.0 Hexes


You had 4 spell levels left.
You knew the following spells:

 Your Spells              Type           Power        Failure   Level  Hunger
a - Corona                Hex            #......      8%          1    ##.....


Dungeon Overview and Level Annotations

Branches:
Dungeon (2/15)

Altars:


Innate Abilities, Weirdness & Mutations

You are too large for most types of armour.
You have tough skin. (AC +1)


Message History

Throwing (i - inventory):
d - a throwing net (quivered)
Press: ? - help, Shift-Dir - straight line, f/p - adder
Aim: an adder (softly glowing)
You throw a throwing net.
The throwing net completely misses the adder.
The adder closely misses you.
Really quaff
p - a yellow potion {!q}?
It was a potion of curing {!q}.
You feel better. The adder barely misses you. The adder bites you.
* * * LOW HITPOINT WARNING * * *
You see here a large rock {!f}.
c - a large rock {!f} The adder closely misses you.
Throwing (i - inventory):
c - a large rock (quivered)
{!f}
Press: ? - help, Shift-Dir - straight line, f/p - adder
Aim: an adder (softly glowing) Really fire
c - a large rock {!f}?
You throw a large rock {!f}.
The large rock {!f} barely misses the adder.
The adder stops glowing.
The adder bites you.
* * * LOW HITPOINT WARNING * * *
You are poisoned.
The adder poisons you! The adder bites you.
* * * LOW HITPOINT WARNING * * *
The adder bites you but does no damage.
You feel sick. The adder bites you.
* * * LOW HITPOINT WARNING * * *
The adder barely misses you. The adder bites you.
* * * LOW HITPOINT WARNING * * *
You are more poisoned.
The adder poisons you!
Things that are here:
a large rock {!f}; 3 stones
c - a large rock {!f}
* * * LOW HITPOINT WARNING * * *
You feel sick. The adder closely misses you.
Casting: Corona
Confirm with . or Enter, or press ? or * to list all spells.
Aiming: Corona
Press: ? - help, Shift-Dir - straight line, f/p - adder
Aim: an adder (chance to defeat MR: 52%)
The adder is outlined in light.
You are feeling very hungry.
The adder bites you.
* * * LOW HITPOINT WARNING * * *
Throwing (i - inventory):
c - a large rock (quivered)
{!f}
Press: ? - help, Shift-Dir - straight line, f/p - adder
Aim: an adder (softly glowing) Really fire
c - a large rock {!f}?
You throw a large rock {!f}.
The large rock {!f} closely misses the adder.
* * * LOW HITPOINT WARNING * * *
You feel sick.
The adder barely misses you. x2; The adder closely misses you.
Really quaff
g - a fuming yellow potion {!q}?
It was a potion of resistance {!q}.
You feel protected. The adder closely misses you.
Firing (i - inventory): No suitable missiles.
Press: ? - help, Shift-Dir - straight line, f/p - adder
Aim: an adder (softly glowing)
Okay, then.
You barely miss the adder.
You die...

#........[.# .. #.# ...
#.# .... #.# #####...
#<# ###.......#
...###.######(....#....
#...................#
#####.......S.(#.##.#
########@### #
#...(........
#...(...####..
.....(.... #......(.#.
.......(.... .....#.#..
.. ..(###? ..>..[


You could see an adder.

Vanquished Creatures
  A worm (D:2)
  2 dart slugs (D:1)
  2 ball pythons (D:1)
  6 bats
  2 giant cockroaches (D:1)
  9 hobgoblins (D:1)
  2 kobolds (D:1)
  A quokka (D:2)
  A frilled lizard (D:1)
  3 goblins
  5 rats
34 creatures vanquished.

Notes
Turn   | Place    | Note
-------+----------+-------------------------------------------
     0 | D:1      | Amnesiac the Ogre Arcane Marksman began the quest for the Orb.
     0 | D:1      | Reached XP level 1. HP: 19/19 MP: 2/2
   185 | D:1      | Reached XP level 2. HP: 28/28 MP: 4/4
   698 | D:1      | Reached XP level 3. HP: 35/35 MP: 3/5
  1148 | D:2      | Reached skill level 3 in Hexes
  1239 | D:2      | HP: 1/35 [poisoned by an adder]
  1241 | D:2      | Succumbed to an adder's poison

Vault maps used:
D:1:      matt_arrival_grand_opening, minmay_heptomino_o4

Skill      XL: |  1  2  3 |
---------------+----------+-----
Dodging        | 2 |  2.2
Fighting       | 2 |  2.3
Hexes          | 3 |  3.0
Throwing       | |  2.8
Spellcasting   | |  1.5

Action                   || total
-------------------------++-------
Melee: Unarmed           ||    65
Throw: Javelin           ||    28
       Stone             ||   103
       Large rock        ||    12
       Throwing net      ||     2
 Cast: Corona            ||    31
  Use: Potion            ||     2
  Eat: Chunk             ||     1
Armor: Robe              ||    79
Dodge: Dodged            ||   102

Table legend:
 A = Spawn XP
 B = Non-spawn XP
 C = Spawn XP percentage of total XP
 D = Spawn monster count
 E = Non-spawn monster count
 F = Spawn count percentage of total count
 G = Total turns spent on level
                    A         B        C        D         E        F      G
               +---------+---------+-------+---------+---------+-------+---------
         Total |       0 |      65 |   0.0 |       0 |      34 |   0.0 |  1241
               +---------+---------+-------+---------+---------+-------+---------
           D:1 |       0 |      52 |   0.0 |       0 |      28 |   0.0 |  1127
           D:2 |       0 |      13 |   0.0 |       0 |       6 |   0.0 |   114
               +---------+---------+-------+---------+---------+-------+---------
